[Event "Titled Tuesday Blitz May 2 Early 2023"]
[White "Weetik, Vjacheslav"]
[Black "Kramnik, Vladimir"]
[WhiteFideId "4153472"]
[BlackFideId "4101588"]
[WhiteElo "2469"]
[BlackElo "2712"]
[Result "0-1"]
[Round "06"]
[TimeControl "180+2"]
[Date "2023.05.02"]
[WhiteClock "0:00:02"]
[BlackClock "0:00:30"]

1. d4 Nf6 2. Bf4 d5 3. e3 c5 4. c3 Nc6 5. Nd2 Qb6 6. Qb3 e6 7. h3 Be7 8. Ngf3 Bd7 9. Be2 O-O 10. O-O Rfc8 11. Ne5 Be8 12. Rfe1 Nxe5 13. Bxe5 Nd7 14. Bg3 Qxb3 15. axb3 a6 16. dxc5 Nxc5 17. b4 Na4 18. Reb1 Bf6 19. Bd1 Nxb2 20. Rxb2 Bxc3 21. Rba2 Bxa1 22. Rxa1 b6 23. Nf3 a5 24. bxa5 bxa5 25. Nd4 a4 26. Bd6 h6 27. f4 Rc3 28. Kf2 Rb8 29. Ra2 Rb6 30. Be5 Rc4 31. Ne2 Rb7 32. Ra3 Rb1 33. Nc3 Rxc3 34. Rxc3 Rxd1 35. Rc8 f6 36. Bxf6 gxf6 37. Rxe8+ Kf7 38. Ra8 Ra1 39. g4 a3 40. h4 a2 41. Kg2 e5 42. f5 d4 43. Ra7+ Ke8 44. exd4 exd4 45. Ra3 d3 0-1


[Site "https://www.chess.com"]

[Event "Titled Tuesday Blitz May 2 Early 2023"]
[White "Fernandez Guillen, Ernesto J."]
[Black "Zhigalko, Sergei"]
[WhiteFideId "3512428"]
[BlackFideId "13502956"]
[WhiteElo "2423"]
[BlackElo "2626"]
[Result "1-0"]
[Round "06"]
[TimeControl "180+2"]
[Date "2023.05.02"]
[WhiteClock "0:00:11"]
[BlackClock "0:00:01"]

1. e4 c5 2. Nf3 Nc6 3. Nc3 Nf6 4. e5 Ng4 5. Qe2 f6 6. exf6 Nxf6 7. d3 d5 8. h3 Qd6 9. d4 a6 10. dxc5 Qxc5 11. a3 Bf5 12. g4 Bg6 13. Nh4 Bf7 14. Bg2 e5 15. O-O O-O-O 16. Bg5 h6 17. Bxf6 gxf6 18. Nf5 h5 19. Rad1 hxg4 20. hxg4 Nd4 21. Qd3 Qc7 22. Rfe1 Bc5 23. b4 Ba7 24. Nxd4 Bxd4 25. Ne2 Ba7 26. c4 dxc4 27. Qf5+ Kb8 28. Qxf6 Rhf8 29. Rxd8+ Rxd8 30. Nc3 Re8 31. Bd5 Bxd5 32. Nxd5 Qc6 33. Qf7 Bd4 34. Nf6 Rd8 35. Qe7 1-0


[Site "https://www.chess.com"]

[Event "Titled Tuesday Blitz May 2 Early 2023"]
[White "Bachmann, Axel"]
[Black "Kozak, Antoni"]
[WhiteFideId "3700488"]
[BlackFideId "21832030"]
[WhiteElo "2605"]
[BlackElo "2470"]
[Result "1-0"]
[Round "06"]
[TimeControl "180+2"]
[Date "2023.05.02"]
[WhiteClock "0:01:13"]
[BlackClock "0:00:18"]

1. e4 Nf6 2. e5 Nd5 3. Nc3 Nxc3 4. dxc3 d6 5. Nf3 Nc6 6. Bf4 Bg4 7. Bb5 a6 8. Bxc6+ bxc6 9. h3 Bxf3 10. Qxf3 Qd7 11. O-O-O e6 12. exd6 cxd6 13. Rhe1 d5 14. Be5 f6 15. Bxf6 gxf6 16. Qxf6 Qg7 17. Qxe6+ Kd8 18. Qe8+ Kc7 19. Qxa8 Bc5 20. Qxa6 Rb8 21. Re6 Bb6 22. Rde1 Qxg2 23. Re7+ Kd6 24. R1e6+ Kc5 25. b4# 1-0


[Site "https://www.chess.com"]

[Event "Titled Tuesday Blitz May 2 Early 2023"]
[White "Gritsenko, Nikolai"]
[Black "Durarbayli, Vasif"]
[WhiteFideId "14112493"]
[BlackFideId "13402935"]
[WhiteElo "2389"]
[BlackElo "2551"]
[Result "0-1"]
[Round "06"]
[TimeControl "180+2"]
[Date "2023.05.02"]
[WhiteClock "0:00:03"]
[BlackClock "0:00:03"]

1. d4 Nf6 2. Bf4 d5 3. e3 c5 4. dxc5 Nc6 5. Nf3 e6 6. Nbd2 Bxc5 7. Bd3 h6 8. O-O Nh5 9. Bg3 O-O 10. c4 Nxg3 11. hxg3 dxc4 12. Nxc4 Qf6 13. a3 Rd8 14. Qe2 Bf8 15. Rac1 Bd7 16. Rfd1 Rac8 17. b4 Be8 18. e4 Nd4 19. Nxd4 Rxd4 20. f4 Ba4 21. Re1 Bb5 22. Ne5 Rxc1 23. Rxc1 Rxd3 24. Nxd3 Qd4+ 25. Kh2 Bxd3 26. Rd1 Bxe2 27. Rxd4 Bb5 28. g4 f6 29. Rd8 e5 30. fxe5 fxe5 31. Kg3 Kf7 32. Ra8 a6 33. Rb8 Bc6 34. Kf3 Be7 35. g3 Bg5 36. a4 Bxa4 37. Rxb7+ Be7 38. g5 hxg5 39. Kg4 g6 40. Kf3 Bb5 41. Ke3 Ke8 42. Rb8+ Kf7 43. Rb7 g4 44. Kd2 Kf6 45. Kc3 Ke6 46. Rb6+ Bd6 47. Rb7 Bc6 48. Rb6 Bxe4 49. Rxa6 Kd7 50. b5 Bb7 51. Ra7 Kc7 52. Ra2 e4 53. Kd4 Bxg3 54. Rg2 Bf4 55. Rxg4 g5 56. Kc5 e3 57. b6+ Kd7 58. Rg1 e2 59. Re1 Bf3 60. Kd4 g4 61. Kd3 Bg3 62. b7 Kc7 63. Rg1 e1=Q 64. Rxe1 Bxe1 0-1


[Site "https://www.chess.com"]

[Event "Titled Tuesday Blitz May 2 Early 2023"]
[White "Bernadskiy, Vitaliy"]
[Black "Karthik Rajaa"]
[WhiteFideId "14100371"]
[BlackFideId "25035215"]
[WhiteElo "2488"]
[BlackElo "2215"]
[Result "0-1"]
[Round "06"]
[TimeControl "180+2"]
[Date "2023.05.02"]
[WhiteClock "0:00:04"]
[BlackClock "0:01:28"]

1. d4 Nf6 2. c4 g6 3. Nc3 Bg7 4. e4 d6 5. Be2 O-O 6. Nf3 Nbd7 7. O-O e5 8. Be3 Qe7 9. Qc2 c6 10. Rad1 exd4 11. Bxd4 b6 12. Rfe1 Bb7 13. Bf1 Ne5 14. Nd2 Nfg4 15. h3 c5 16. hxg4 cxd4 17. Nd5 Qh4 18. f3 Bh6 19. Nb3 Bxd5 20. Qf2 Be3 21. Rxe3 Qxf2+ 22. Kxf2 dxe3+ 23. Kxe3 Bxc4 24. f4 Nxg4+ 0-1


[Site "https://www.chess.com"]

[Event "Titled Tuesday Blitz May 2 Early 2023"]
[White "Asis Gargatagli, Hipolito"]
[Black "Averjanov, Alexey"]
[WhiteFideId "2260735"]
[BlackFideId "14109867"]
[WhiteElo "2557"]
[BlackElo "2399"]
[Result "1-0"]
[Round "06"]
[TimeControl "180+2"]
[Date "2023.05.02"]
[WhiteClock "0:00:52"]
[BlackClock "0:00:01"]

1. e4 c6 2. d4 d5 3. f3 dxe4 4. fxe4 e5 5. Nf3 Bg4 6. c3 Nd7 7. Bd3 Bd6 8. O-O Ngf6 9. Na3 b5 10. Nc2 Bh5 11. Bg5 Qc7 12. Ne3 Bg6 13. Qc2 O-O 14. Nh4 Rfe8 15. Nhf5 exd4 16. cxd4 Bxh2+ 17. Kh1 Nh5 18. e5 Bxe5 19. dxe5 Nxe5 20. Bh4 Re6 21. Be2 Rae8 22. Bxh5 Bxh5 23. Nd5 Qb8 24. Nf4 Ng4 25. Bg3 Re3 26. Nxh5 Rxg3 27. Nhxg3 Re6 28. Rae1 1-0


[Site "https://www.chess.com"]

[Event "Titled Tuesday Blitz May 2 Early 2023"]
[White "Hayrapetyan, Hovik"]
[Black "Rakotomaharo, Fy Antenaina"]
[WhiteFideId "13302639"]
[BlackFideId "13100050"]
[WhiteElo "2348"]
[BlackElo "2427"]
[Result "0-1"]
[Round "06"]
[TimeControl "180+2"]
[Date "2023.05.02"]
[WhiteClock "0:00:03"]
[BlackClock "0:00:11"]

1. d4 Nf6 2. c4 g6 3. Nc3 d5 4. cxd5 Nxd5 5. e4 Nxc3 6. bxc3 Bg7 7. Nf3 c5 8. Be2 O-O 9. Rb1 cxd4 10. cxd4 Qa5+ 11. Bd2 Qxa2 12. O-O Qe6 13. Qc2 Qd6 14. Bb4 Qd8 15. d5 a5 16. Ba3 Na6 17. Rfc1 Nb4 18. Bxb4 axb4 19. Rxb4 Qd6 20. Rc4 Bd7 21. h3 f5 22. Rc7 fxe4 23. Qxe4 b5 24. Nd4 Rf4 25. Nxb5 Bxb5 26. Rc8+ Rxc8 27. Rxc8+ Bf8 28. Qe3 Bxe2 29. Qxe2 Kg7 30. Qb2+ Qf6 31. Qc1 Rxf2 32. d6 exd6 33. Qc7+ Be7 34. Qc4 Rf4 35. Rg8+ Kh6 36. Qc1 g5 37. Qe1 Qe5 38. Qd1 Qd4+ 0-1


[Site "https://www.chess.com"]

[Event "Titled Tuesday Blitz May 2 Early 2023"]
[White "Sammed Jaykumar, Shete"]
[Black "Suyarov, Mukhammadzokhid"]
[WhiteFideId "5073421"]
[BlackFideId "14210495"]
[WhiteElo "2278"]
[BlackElo "2361"]
[Result "1-0"]
[Round "06"]
[TimeControl "180+2"]
[Date "2023.05.02"]
[WhiteClock "0:00:00"]
[BlackClock "0:00:00"]

1. e4 e6 2. d4 d5 3. Nd2 h6 4. Ngf3 Nf6 5. Bd3 c5 6. e5 Nfd7 7. c3 Nc6 8. O-O g5 9. h3 h5 10. g4 hxg4 11. hxg4 Qb6 12. Re1 cxd4 13. Nb3 dxc3 14. bxc3 Be7 15. Nbd4 Qc7 16. Qe2 a6 17. Kg2 b6 18. Bxg5 Bxg5 19. Nxg5 Ndxe5 20. Rh1 Rg8 21. Nxc6 Nxc6 22. Rh5 Bb7 23. Nxe6 fxe6 24. Qxe6+ Ne7 25. Re1 Rf8 26. Rh7 Kd8 27. Rxe7 Rxf2+ 28. Kxf2 Qh2+ 29. Ke3 d4+ 30. cxd4 Bc6 31. Qxc6 Kxe7 32. Qxa8 Kd6 33. Qe4 Qg3+ 34. Kd2 Qh2+ 35. Re2 Qh6+ 36. Qe3 Qh1 37. Qe7+ Kc6 38. Be4+ Kb5 39. Bxh1 Ka4 40. Kc3 a5 41. Bc6+ b5 42. Bxb5+ Kxb5 43. Qc5+ Ka4 44. Qc4+ Ka3 45. Qb3# 1-0


[Site "https://www.chess.com"]

[Event "Titled Tuesday Blitz May 2 Early 2023"]
[White "Filgueira, Hernan"]
[Black "Sethuraman, S.P."]
[WhiteFideId "101770"]
[BlackFideId "5021596"]
[WhiteElo "2363"]
[BlackElo "2543"]
[Result "0-1"]
[Round "06"]
[TimeControl "180+2"]
[Date "2023.05.02"]
[WhiteClock "0:00:01"]
[BlackClock "0:00:05"]

1. c4 e6 2. Nc3 d5 3. d4 Bb4 4. e3 Nf6 5. Nf3 O-O 6. Bd3 dxc4 7. Bxc4 c5 8. O-O a6 9. a4 b6 10. Qe2 Bb7 11. Rd1 Qe7 12. Na2 Ba5 13. dxc5 bxc5 14. b3 Nbd7 15. Bb2 Nd5 16. Rac1 Rfd8 17. h3 Bc7 18. Ba1 h6 19. Qb2 N5f6 20. Qe2 Nd5 21. Qb2 N5f6 22. Qe2 Nb6 23. Bd3 c4 24. Bxc4 Rxd1+ 25. Rxd1 Nxc4 26. Qxc4 Bd5 27. Qd3 Rb8 28. Nc1 Bxf3 29. gxf3 Nd5 30. f4 Qh4 31. Qd4 f6 32. Qe4 Qxh3 33. Qg2 Qh5 34. Rd3 Rc8 35. Bb2 Bxf4 36. exf4 Nxf4 37. Qf3 Qg5+ 38. Kf1 Rc2 39. Rd4 Nd5 40. Ba3 h5 0-1


[Site "https://www.chess.com"]

[Event "Titled Tuesday Blitz May 2 Early 2023"]
[White "Popilski, Gil"]
[Black "Acor, Corey"]
[WhiteFideId "2809060"]
[BlackFideId "2024861"]
[WhiteElo "2537"]
[BlackElo "2341"]
[Result "0-1"]
[Round "06"]
[TimeControl "180+2"]
[Date "2023.05.02"]
[WhiteClock "0:01:06"]
[BlackClock "0:00:44"]

1. e4 e5 2. Nf3 Nc6 3. Bb5 Nge7 4. Nc3 d6 5. d4 Bd7 6. Be3 Ng6 7. Bc4 Be7 8. Nd5 Bg4 9. c3 Nh4 10. Rg1 O-O 11. h3 Nxf3+ 12. gxf3 Bh5 13. Qd2 Kh8 14. f4 f5 15. fxe5 dxe5 16. Rg5 Bxg5 17. Bxg5 Qd7 18. f4 fxe4 19. dxe5 Qxh3 20. Kf2 Nxe5 0-1


[Site "https://www.chess.com"]

[Event "Titled Tuesday Blitz May 2 Early 2023"]
[White "Kravtsiv, Martyn"]
[Black "Novik, Maxim"]
[WhiteFideId "14113147"]
[BlackFideId "4102924"]
[WhiteElo "2695"]
[BlackElo "2287"]
[Result "1-0"]
[Round "06"]
[TimeControl "180+2"]
[Date "2023.05.02"]
[WhiteClock "0:00:21"]
[BlackClock "0:00:01"]

1. e4 c6 2. Nf3 d5 3. d3 Nd7 4. Nc3 Ngf6 5. e5 Ng8 6. d4 e6 7. Bd3 c5 8. O-O Ne7 9. Nb5 Nc6 10. c3 a6 11. Nd6+ Bxd6 12. exd6 cxd4 13. cxd4 Nf6 14. Bf4 Ne4 15. Bxe4 dxe4 16. Ng5 O-O 17. Nxe4 Nb4 18. Bg3 Bd7 19. Nc3 Bc6 20. Rc1 Rc8 21. Qd2 Qd7 22. a3 Nd5 23. Nxd5 Bxd5 24. Rc7 Rxc7 25. dxc7 Rc8 26. Rc1 f6 27. h3 Kf7 28. Qd1 Bc6 29. Rc5 Kg8 30. Qg4 Kf7 31. Kh2 Bd5 32. b4 Kg8 33. a4 b6 34. Rc3 Qxa4 35. Bd6 Qd7 36. Qf4 a5 37. bxa5 bxa5 38. Rg3 Kf7 39. Be5 Qe7 40. Qh4 h6 41. Bf4 a4 42. Qh5+ Kf8 43. Bxh6 gxh6 44. Qxh6+ Ke8 45. Rg8+ Kd7 46. Rg7 Rxc7 47. Rxe7+ Kxe7 48. Qg7+ Kd6 49. Qxf6 Ra7 50. Qd8+ Kc6 51. Qc8+ Kb6 52. Qb8+ Ka6 53. Qb4 Bb3 54. h4 Rb7 55. Qa3 Ka5 56. h5 Bd5 57. h6 Rh7 58. Qc5+ Ka6 59. Qf8 a3 60. Qxa3+ Kb5 61. Qf8 Kc4 62. g4 Kxd4 63. g5 Rb7 64. Qf4+ Be4 65. f3 1-0


[Site "https://www.chess.com"]

[Event "Titled Tuesday Blitz May 2 Early 2023"]
[White "Seo, Jung Min"]
[Black "Paravyan, David"]
[WhiteFideId "1734687"]
[BlackFideId "4194985"]
[WhiteElo "2468"]
[BlackElo "2563"]
[Result "0-1"]
[Round "06"]
[TimeControl "180+2"]
[Date "2023.05.02"]
[WhiteClock "0:02:35"]
[BlackClock "0:02:41"]

1. Nf3 Nf6 2. d4 g6 3. g3 Bg7 4. c4 O-O 5. Bg2 d6 6. O-O c5 7. dxc5 dxc5 8. Nc3 Nc6 9. Qa4 Bd7 10. Rd1 Nd4 11. Nb5 a6 12. Nfxd4 axb5 13. Qc2 cxd4 14. Rxd4 Qc8 0-1


[Site "https://www.chess.com"]

[Event "Titled Tuesday Blitz May 2 Early 2023"]
[White "Nguyen, Ngoc Truong Son"]
[Black "Postny, Evgeny"]
[WhiteFideId "12401110"]
[BlackFideId "2804344"]
[WhiteElo "2556"]
[BlackElo "2504"]
[Result "1-0"]
[Round "06"]
[TimeControl "180+2"]
[Date "2023.05.02"]
[WhiteClock "0:00:17"]
[BlackClock "0:00:01"]

1. b3 d5 2. Bb2 Nf6 3. e3 c5 4. Nf3 Nc6 5. Bb5 Bd7 6. Bxc6 Bxc6 7. Ne5 Rc8 8. O-O g6 9. d4 cxd4 10. Bxd4 Bg7 11. Nd2 O-O 12. c4 b6 13. Nxc6 Rxc6 14. Rc1 Qc8 15. Bxf6 Bxf6 16. cxd5 Rxc1 17. Qxc1 Qxc1 18. Rxc1 Rd8 19. e4 e6 20. Rc6 Be7 21. Rc7 Bb4 22. Nf1 exd5 23. exd5 Rxd5 24. Rxa7 Rd1 25. Ra8+ Kg7 26. Re8 Bc5 27. Re2 f5 28. g3 Kf6 29. Kg2 Ra1 30. Nd2 g5 31. Nc4 g4 32. Ne5 Rd1 33. Nc4 h5 34. h3 Rc1 35. hxg4 hxg4 36. Nb2 Rb1 37. Nd3 Bd4 38. Nf4 Rd1 39. Re6+ Kf7 40. Rd6 Rd2 41. Ne2 Rxe2 42. Rxd4 Rxa2 43. Rd7+ Ke6 44. Rb7 Ra6 45. b4 Ke5 46. b5 Ra1 47. Rxb6 Rb1 48. Rb8 Kf6 49. b6 Kg7 50. b7 Kh7 51. Rf8 Rxb7 52. Rxf5 Kg6 53. Rc5 Rb3 54. Kf1 Rb2 55. Rd5 Kf6 56. Ke1 Kg6 57. Rd2 Rb3 58. Ke2 Kf5 59. Rd3 Rb1 60. Rd5+ Kf6 61. Ke3 Rb2 62. Rd2 Rb4 63. Rd4 Rb3+ 64. Kf4 Rb2 65. Kxg4 Re2 66. Rf4+ 1-0


[Site "https://www.chess.com"]

[Event "Titled Tuesday Blitz May 2 Early 2023"]
[White "Ibarra Jerez, Jose Carlos"]
[Black "Martinez Ramirez, Lennis"]
[WhiteFideId "2226332"]
[BlackFideId "3509079"]
[WhiteElo "2638"]
[BlackElo "2410"]
[Result "1-0"]
[Round "06"]
[TimeControl "180+2"]
[Date "2023.05.02"]
[WhiteClock "0:00:04"]
[BlackClock "0:00:06"]

1. e4 c5 2. Nf3 Nc6 3. Nc3 e5 4. Bc4 Be7 5. d3 d6 6. O-O h6 7. a3 Be6 8. Nd5 Nf6 9. c3 O-O 10. b4 b6 11. Qa4 Rc8 12. Qb3 Bxd5 13. Bxd5 Nxd5 14. Qxd5 Qc7 15. b5 Nd8 16. Be3 Qb7 17. Qc4 Ne6 18. g3 Rfd8 19. Qd5 Qxd5 20. exd5 Nc7 21. c4 a6 22. a4 axb5 23. axb5 Ra8 24. Nd2 Rxa1 25. Rxa1 Ra8 26. Rxa8+ Nxa8 27. g4 Nc7 28. Ne4 Kh7 29. f4 f6 30. Kg2 Ne8 31. Kf3 g6 32. h3 Kg7 33. Ng3 Kh7 34. Ke4 Kg7 35. h4 Kh7 36. h5 g5 37. fxe5 fxe5 38. Nf5 Bf8 39. Kf3 Kg8 40. Bf2 Kf7 41. Bg3 Kf6 42. Ne3 Nc7 43. Nd1 Ne8 44. Nc3 Nc7 45. Bf2 Kf7 46. Bg3 Kf6 47. Bh2 Kf7 48. Ke3 Ne8 49. Na4 Nf6 50. Kf3 Nd7 51. Bg3 Be7 52. Bf2 Bf8 53. Nc3 Ke8 54. Be3 Kf7 55. Ne4 Be7 56. Bd2 Ke8 57. Bc1 Kf7 58. Ng3 Bf8 59. Ke4 Kf6 60. Nf5 Nb8 61. d4 exd4 62. Bd2 Nd7 63. Be1 Ne5 64. Bg3 Nxc4 65. Bh2 Kf7 66. Bg3 Ke8 67. Bh2 Kd7 68. Ng3 Ne5 69. Kf5 d3 70. Ne4 c4 71. Bg1 c3 72. Nxc3 d2 73. Be3 Nc4 74. Bd4 Ke7 75. Kg6 Kd7 76. Nd1 Kc7 77. Kf7 Ne5+ 78. Bxe5 dxe5 79. Kxf8 e4 80. Ke7 1-0


[Site "https://www.chess.com"]

[Event "Titled Tuesday Blitz May 2 Early 2023"]
[White "Sjugirov, Sanan"]
[Black "Hua, Lefong"]
[WhiteFideId "4189302"]
[BlackFideId "2602253"]
[WhiteElo "2569"]
[BlackElo "2305"]
[Result "0-1"]
[Round "06"]
[TimeControl "180+2"]
[Date "2023.05.02"]
[WhiteClock "0:01:44"]
[BlackClock "0:00:44"]

1. d4 Nf6 2. c4 c5 3. d5 e6 4. Nc3 exd5 5. cxd5 d6 6. e4 g6 7. f4 Bg7 8. Bb5+ Nbd7 9. a4 O-O 10. Nf3 Re8 11. Nd2 Nxe4 12. Ncxe4 f5 13. O-O fxe4 14. Nc4 a6 15. Bxd7 Bxd7 16. Nxd6 Bxa4 17. Rxa4 Qxd6 18. f5 b5 19. Bf4 Qd7 20. Ra2 Bd4+ 21. Kh1 Qxd5 22. fxg6 hxg6 23. b3 Rf8 24. h3 Rf6 25. Bh6 Rxf1+ 26. Qxf1 Qxb3 27. Re2 Qf7 28. Qe1 Re8 29. Rxe4 Rxe4 30. Qxe4 Qf1+ 31. Kh2 Bg1+ 32. Kg3 Qf2+ 33. Kg4 Qd4 0-1


[Site "https://www.chess.com"]

[Event "Titled Tuesday Blitz May 2 Early 2023"]
[White "Suleymanli, Aydin"]
[Black "Levitskiy, Andrey"]
[WhiteFideId "13413937"]
[BlackFideId "14132885"]
[WhiteElo "2559"]
[BlackElo "2341"]
[Result "1-0"]
[Round "06"]
[TimeControl "180+2"]
[Date "2023.05.02"]
[WhiteClock "0:00:16"]
[BlackClock "0:00:01"]

1. e4 e6 2. d4 d5 3. Nc3 Bb4 4. Ne2 Nc6 5. a3 Ba5 6. exd5 exd5 7. g3 Bg4 8. Bg2 Bxc3+ 9. bxc3 Nge7 10. f3 Bf5 11. g4 Bg6 12. Nf4 h5 13. O-O Qd7 14. a4 O-O-O 15. h3 Kb8 16. a5 hxg4 17. hxg4 Nc8 18. Nd3 Bxd3 19. cxd3 Qd6 20. f4 Qh6 21. Qf3 Rde8 22. Be3 Nd6 23. Rfe1 Ne7 24. f5 Qh2+ 25. Kf1 f6 26. Bf4 Qh4 27. a6 b6 28. Bg3 Qg5 29. Bf4 Qh4 30. Re6 g6 31. Rae1 g5 32. Bg3 Qh7 33. Rxf6 c6 1-0


[Site "https://www.chess.com"]

[Event "Titled Tuesday Blitz May 2 Early 2023"]
[White "Djokic, Mihailo"]
[Black "Dardha, Daniel"]
[WhiteFideId "976440"]
[BlackFideId "240990"]
[WhiteElo "2294"]
[BlackElo "2581"]
[Result "0-1"]
[Round "06"]
[TimeControl "180+2"]
[Date "2023.05.02"]
[WhiteClock "0:00:04"]
[BlackClock "0:00:58"]

1. e4 g6 2. d4 Bg7 3. Be3 a5 4. Nc3 a4 5. a3 e6 6. Bb5 Nf6 7. e5 Nd5 8. Nxd5 exd5 9. c3 O-O 10. Bxa4 b5 11. Bxb5 d6 12. exd6 Qxd6 13. Be2 Qb6 14. Qd2 Nc6 15. b4 Ba6 16. Nf3 Bxe2 17. Qxe2 Ra4 18. O-O Rfa8 19. Qa2 Rxa3 20. Qxa3 Rxa3 21. Rxa3 h6 22. Rfa1 g5 23. h4 f6 24. hxg5 hxg5 25. Nd2 Qb5 26. Nb3 Ne7 27. Ra7 Qc4 28. Na5 Qxc3 29. Rc1 Qxb4 30. Rcxc7 Nf5 31. Nc6 Qe1+ 32. Kh2 Bf8 33. Ra8 Nxe3 34. Ne7+ Kf7 35. Nxd5+ Kg6 36. Rxf8 Ng4+ 37. Kg3 Qxf2+ 38. Kh3 Qh4# 0-1


[Site "https://www.chess.com"]

[Event "Titled Tuesday Blitz May 2 Early 2023"]
[White "Prohaszka, Peter"]
[Black "Galchenko, Matvey"]
[WhiteFideId "726265"]
[BlackFideId "24175480"]
[WhiteElo "2626"]
[BlackElo "2423"]
[Result "0-1"]
[Round "06"]
[TimeControl "180+2"]
[Date "2023.05.02"]
[WhiteClock "0:00:03"]
[BlackClock "0:00:08"]

1. d4 Nf6 2. c3 c5 3. Bg5 Ne4 4. Be3 cxd4 5. cxd4 d5 6. Nd2 Bf5 7. Nxe4 Bxe4 8. f3 Bg6 9. Nh3 Nc6 10. Nf4 e6 11. h4 h6 12. Nxg6 fxg6 13. Qd3 Kf7 14. a3 Bd6 15. Kf2 Qc7 16. Kg1 Rac8 17. Rc1 Bf4 18. Bxf4 Qxf4 19. e3 Qf6 20. Kf2 Rhd8 21. Be2 e5 22. dxe5 Nxe5 23. Qd4 Nc6 24. Qxf6+ gxf6 25. h5 g5 26. Bd3 Ne5 27. Bf5 Rc6 28. Rxc6 bxc6 29. Rc1 Rb8 30. Rc2 Ke7 31. Ke2 Kd6 32. b4 Nc4 33. Rc3 a5 34. bxa5 Nxa5 35. Bd3 c5 36. g4 Rb2+ 37. Rc2 Rb3 38. Ra2 c4 39. Bc2 Rb8 40. a4 Kc5 41. Kd2 Nc6 42. a5 Ra8 43. a6 Kb6 44. Rb2+ Kc5 45. Ra2 Nb4 46. Ra5+ Kb6 47. Ra4 Kb5 48. Ra1 Rxa6 49. Rxa6 Nxa6 50. Bg6 Kc5 51. Kc3 Nc7 52. Bf7 Nb5+ 53. Kd2 Nd6 54. Bg8 d4 55. exd4+ Kxd4 56. Be6 Nb7 57. Bf7 Nc5 58. Ke2 Nd7 59. Bg8 Ne5 60. Bh7 Nd3 61. Bf5 Nf4+ 62. Kd2 c3+ 63. Kc2 Nd5 64. Be4 Ne3+ 65. Kb3 Nc4 66. Kc2 Nd2 67. Bd3 Nxf3 68. Bf5 Ne5 69. Bc8 Nc4 70. Bf5 Ne3+ 0-1


[Site "https://www.chess.com"]

[Event "Titled Tuesday Blitz May 2 Early 2023"]
[White "Mekhitarian, Krikor Sevag"]
[Black "Jia, Haoxiang"]
[WhiteFideId "2107660"]
[BlackFideId "8602999"]
[WhiteElo "2604"]
[BlackElo "2331"]
[Result "0-1"]
[Round "06"]
[TimeControl "180+2"]
[Date "2023.05.02"]
[WhiteClock "0:00:01"]
[BlackClock "0:00:05"]

1. Nf3 Nf6 2. c4 e6 3. d4 d5 4. cxd5 exd5 5. Nc3 c6 6. Bf4 Bd6 7. Bxd6 Qxd6 8. e3 O-O 9. Bd3 Bg4 10. h3 Bh5 11. Qb3 Nbd7 12. g4 Bg6 13. Bxg6 hxg6 14. Qc2 Rac8 15. Rd1 Rfe8 16. Kf1 Ne4 17. Nxe4 Rxe4 18. Nd2 Ree8 19. Kg2 c5 20. Qd3 c4 21. Qe2 b5 22. Rc1 b4 23. Rc2 Nb6 24. b3 cxb3 25. Nxb3 Nc4 26. Rhc1 Qd7 27. Nc5 Qe7 28. Qf3 Rcd8 29. Nd3 g5 30. Nb2 Nb6 31. Rc6 Rd6 32. Rc7 Rd7 33. Rxd7 Qxd7 34. Nd3 a5 35. Ne5 Qe7 36. Rc6 Nc4 37. Nxc4 dxc4 38. Rxc4 Rb8 39. Qc6 a4 40. Qxa4 Qe4+ 41. Kh2 Qf3 42. Qc2 b3 43. axb3 g6 44. Rc3 Ra8 45. Qd3 Ra2 0-1


[Site "https://www.chess.com"]

[Event "Titled Tuesday Blitz May 2 Early 2023"]
[White "Koellner, Ruben Gideon"]
[Black "Quesada Perez, Yuniesky"]
[WhiteFideId "12993093"]
[BlackFideId "3504409"]
[WhiteElo "2314"]
[BlackElo "2585"]
[Result "1-0"]
[Round "06"]
[TimeControl "180+2"]
[Date "2023.05.02"]
[WhiteClock "0:00:12"]
[BlackClock "0:00:42"]

1. d4 d5 2. Nf3 Nf6 3. e3 c5 4. c3 Nc6 5. Nbd2 cxd4 6. exd4 Bf5 7. Bb5 e6 8. Qa4 Qb6 9. Ne5 Rc8 10. Nb3 Bd6 11. Na5 Bxe5 12. dxe5 Nd7 13. Be3 Qxa5 14. Bxc6 Qxa4 15. Bxa4 a6 16. Bxd7+ Kxd7 17. Bd4 g5 18. h4 g4 19. Kd2 h5 20. Ke3 Be4 21. f3 Bf5 22. Rhg1 Rhg8 23. Raf1 Rg6 24. Kf4 Rcg8 25. Rc1 Kc8 26. c4 dxc4 27. Rxc4+ Kb8 28. Rcc1 Rd8 29. Bb6 Rd5 30. Rgd1 Rxd1 31. Rxd1 Rg8 32. Rd7 gxf3 33. gxf3 Bg6 34. a4 Kc8 35. Rc7+ Kb8 36. a5 Rc8 37. Re7 Rg8 38. Kg5 Rh8 39. Kf6 Rg8 40. f4 Kc8 41. Rc7+ Kb8 42. Re7 Kc8 43. Rc7+ Kb8 44. Rxf7 Bxf7 45. Kxf7 Rg4 46. f5 exf5 47. e6 Rxh4 48. e7 Re4 49. e8=Q+ Rxe8 50. Kxe8 h4 51. Kd7 h3 52. Bc7+ Ka7 53. Ke6 b6 54. axb6+ Kb7 55. Kxf5 a5 56. Kg4 h2 57. Bxh2 Kxb6 58. Bd6 Kb5 59. Ba3 Kc4 60. Kf5 Kb3 61. Ke6 Ka4 62. Kd6 Kb5 63. Kd5 Ka4 64. Kc5 Kb3 65. Kb5 a4 66. Ka5 Ka2 67. Kxa4 Kb1 68. b4 Ka2 69. b5 1-0


[Site "https://www.chess.com"]

[Event "Titled Tuesday Blitz May 2 Early 2023"]
[White "Bacrot, Etienne"]
[Black "Piesik, Piotr"]
[WhiteFideId "605506"]
[BlackFideId "1136194"]
[WhiteElo "2663"]
[BlackElo "2299"]
[Result "1-0"]
[Round "06"]
[TimeControl "180+2"]
[Date "2023.05.02"]
[WhiteClock "0:00:20"]
[BlackClock "0:00:38"]

1. d4 c5 2. d5 e5 3. e4 d6 4. Nf3 Be7 5. h3 a6 6. a4 b6 7. Bd3 Nf6 8. Nc3 O-O 9. g4 Ne8 10. Qe2 Nc7 11. Bd2 Nd7 12. g5 f6 13. h4 Nb8 14. Rg1 f5 15. exf5 Bxf5 16. Bxf5 Rxf5 17. Be3 Nd7 18. Nd2 b5 19. Qg4 g6 20. h5 b4 21. hxg6 hxg6 22. Nce4 Nxd5 23. O-O-O Nf4 24. Rh1 Bf8 25. Bxf4 exf4 26. Nc4 d5 27. Rxd5 Rxd5 28. Qe6+ Kg7 29. Qxd5 Ra7 30. Ne5 Qe8 31. Nxd7 Rxd7 32. Rh7+ Kxh7 33. Nf6+ 1-0


[Site "https://www.chess.com"]

[Event "Titled Tuesday Blitz May 2 Early 2023"]
[White "Mikhailovsky, Vladimir"]
[Black "Jeet, Jain"]
[WhiteFideId "34105414"]
[BlackFideId "5073022"]
[WhiteElo "2275"]
[BlackElo "2067"]
[Result "1-0"]
[Round "06"]
[TimeControl "180+2"]
[Date "2023.05.02"]
[WhiteClock "0:00:05"]
[BlackClock "0:00:13"]

1. e4 c6 2. Nc3 d5 3. d4 dxe4 4. Nge2 Nf6 5. Ng3 Bg4 6. Be2 Bxe2 7. Qxe2 Qxd4 8. Bf4 e6 9. O-O Be7 10. Rfd1 Qb4 11. a3 Qxb2 12. Be5 Nbd7 13. Rdb1 Qxa1 14. Rxa1 Nxe5 15. Ncxe4 Nxe4 16. Nxe4 O-O 17. Rb1 b6 18. Qa6 Rfd8 19. h3 f5 20. Ng3 Bc5 21. Re1 Bd4 22. Nh5 Rd6 23. Qb7 Nf3+ 24. gxf3 Rad8 25. Qxa7 g6 26. Nf4 e5 27. Nd3 Bc3 28. Rxe5 Rxd3 29. cxd3 Bxe5 30. Qe7 Rd5 31. Qe6+ Kg7 32. Qxc6 Rxd3 33. Qxb6 Rxa3 34. Qc5 Ra1+ 35. Kg2 Bf6 36. Qc7+ Kh6 37. f4 Ra4 38. Qc6 Rxf4 39. Qxf6 Re4 40. Qf8+ Kg5 41. Qg7 h5 42. Kg3 h4+ 43. Kf3 Rf4+ 44. Ke3 Re4+ 45. Kd3 Rf4 46. Qe7+ Kh5 47. Qe2+ Kg5 48. Qe3 1-0


[Site "https://www.chess.com"]